 Dungeon Crawl Stone Soup version 0.27.0-1-g7a089689b8 (webtiles) character file.

Game seed: 13393219012398048452

93 ABBCCCDDDD the Grave Robber (level 4, -2/40 HPs)
             Began as a Gargoyle Necromancer on Aug 4, 2021.
             Slain by an orc (4 damage)
             ... on level 3 of the Dungeon.
             The game lasted 00:07:37 (3628 turns).

ABBCCCDDDD the Grave Robber (Gargoyle Necromancer)  Turns: 3628, Time: 00:07:37

Health: -2/40      AC: 22    Str: 12    XL:     4   Next: 61%
Magic:  16/16      EV:  2    Int: 16    God:
Gold:   125        SH:  0    Dex: 10    Spells: 5/7 levels left

rFire    + . .     SeeInvis .   b - +0 whip
rCold    + . .     Faith    .   (no shield)
rNeg     + + +     Spirit   .   (armour currently unavailable)
rPois    ∞         Reflect  .   (helmet currently unavailable)
rElec    +         Harm     .   (cloak currently unavailable)
rCorr    +         Rampage  .   (gloves currently unavailable)
Will     .....     NoTele   +   (boots currently unavailable)
Stlth    ++........             (no amulet)
HPRegen  0.13/turn              c - ring of magical power
MPRegen  0.15/turn              (no ring)

@: tree-form, resistant
A: stationary, stasis, torment immunity, boosted hp, sickness immunity, AC +3,
negative energy resistance 1, (electricity resistance), torment resistance 1,
petrification resistance
a: no special abilities


You were on level 3 of the Dungeon.
You were a tree.
You visited 1 branch of the dungeon, and saw 3 of its levels.

You collected 125 gold pieces.

Inventory:

Hand Weapons
 b - a +0 whip (weapon)
 e - a +0 mace
 n - a +0 flail
Armour
 a - a +0 robe
 f - a +0 ring mail (melded)
Jewellery
 c - a ring of magical power (left branch)
Scrolls
 g - a scroll of identify {unknown}
 k - a scroll of teleportation {unknown}
 l - a scroll of amnesia {unknown}
 o - a scroll of fog {unknown}
Potions
 d - a potion of flight


   Skills:
 + Level 2.6 Fighting
 + Level 2.1 Maces & Flails
 - Level 1.5 Dodging
 - Level 2.1 Stealth
 - Level 2.0 Spellcasting
 + Level 1.3 Conjurations
 - Level 3.2 Necromancy
 + Level 1.2 Fire Magic


You had 5 spell levels left.
You knew the following spells:

 Your Spells              Type           Power      Damage    Failure   Level
a - Pain                  Necr           48%        1d6       5%          1
b - Foxfire               Conj/Fire      20%        2x1d5     12%         1

Your spell library contained the following spells:

 Spells                   Type           Power      Damage    Failure   Level
 Animate Skeleton         Necr           24%        N/A       5%          1
 Vampiric Draining        Necr           6%         2d6       16%         3
 Conjure Flame            Conj/Fire      5%         6-21      36%         3
 Inner Flame              Hex/Fire       3%         N/A       43%         3
 Animate Dead             Necr           6%         N/A       47%         4
 Agony                    Necr           12%        N/A       83%         5
 Passage of Golubria      Tloc           N/A        N/A       90%         4
 Silence                  Hex/Air        0%         N/A       99%         5
 Lehudib's Crystal Spear  Conj/Erth      1%         10d2      100%        8


Dungeon Overview and Level Annotations

Branches:
Dungeon (3/15)

Altars:
Elyvilon


Innate Abilities, Weirdness & Mutations

You are a tree.
Your roots penetrate the ground, keeping you stationary.
You cannot be teleported.
You are immune to unholy pain and torment.
Your maximum health is greatly increased.
Your equipment is partially melded.
You are immune to sickness and miasma.
((Your stone body is resilient. (AC +3)))
You are immune to poison.
You resist negative energy. (rN+)
((You are resistant to electric shocks. (rElec)))
You are resistant to unholy torment.
You are immune to petrification.


Message History

The puff of flame hits you.
The orc priest hits you but does no damage.
You nearly hit yourself!
The orc hits you but does no damage. x2
The orc hits you with a +0 club. The orc hits you but does no damage.
The orc priest calls down the wrath of Beogh upon you.
Beogh smites you! Something hits you but does no damage.
The orc hits you but does no damage.
It was a potion of resistance.
You feel protected. The orc hits you but does no damage.
The orc hits you with a +0 club.
* * * LOW HITPOINT WARNING * * *
The orc hits you but does no damage. The orc hits you with a +0 falchion.
* * * LOW HITPOINT WARNING * * *
The orc priest hits you with a +0 short sword.
* * * LOW HITPOINT WARNING * * *
Something hits you but does no damage. The orc hits you but does no damage.
It was a potion of curing.
You feel better. The orc barely misses you.
The orc hits you but does no damage. The orc hits you with a +0 club.
* * * LOW HITPOINT WARNING * * *
The orc hits you but does no damage. The orc barely misses you.
The orc priest barely misses you. Something hits you but does no damage.
You hit the orc priest.
The orc priest is lightly wounded.
The orc hits you but does no damage. x2; The orc hits you with a +0 club.
* * * LOW HITPOINT WARNING * * *
The orc hits you but does no damage. x2; Something hits you.
* * * LOW HITPOINT WARNING * * *
The orc priest hits you but does no damage.
You closely miss the orc priest. The orc hits you but does no damage. x2
The orc hits you with a +0 club.
* * * LOW HITPOINT WARNING * * *
The orc hits you with a +0 mace.
* * * LOW HITPOINT WARNING * * *
The orc hits you but does no damage.
The orc priest hits you with a +0 short sword.
* * * LOW HITPOINT WARNING * * *
Something hits you but does no damage.
You hit the orc priest but do no damage.
The orc hits you with a +0 club.
You die...

#.# ######.# #......#
####. #.# #.##..... #.#
#........
#.####........
#.....o.......
#....oo{.##.##
#....o♣o.##.# #.#
#....o.o.##.# ..
#......).'... ..
#........##.#########^#
#........##......(..# .
#........##.........# #
#........##.........###
#........##..........).
########.)..........###


You could see an orc priest and 6 orcs.

Vanquished Creatures
  3 adders
  3 dart slugs
  5 orcs (D:3)
  5 endoplasms
  3 giant cockroaches
  7 goblins
  4 hobgoblins
  5 quokkas
  2 ball pythons (D:1)
  3 bats
  2 frilled lizards (D:1)
  4 kobolds
  6 rats
52 creatures vanquished.

Notes
Turn   | Place    | Note
-------+----------+-------------------------------------------
     0 | D:1      | ABBCCCDDDD the Gargoyle Necromancer began the quest for the
                  | Orb.
     0 | D:1      | Reached XP level 1. HP: 10/10 MP: 3/3
   521 | D:1      | Reached skill level 1 in Fighting
   617 | D:1      | Reached XP level 2. HP: 7/16 MP: 1/5
   851 | D:1      | Reached skill level 1 in Maces & Flails
  1111 | D:1      | Found a faded altar of an unknown god.
  1621 | D:1      | Reached XP level 3. HP: 17/21 MP: 6/6
  1822 | D:1      | Learned a level 1 spell: Foxfire
  2536 | D:2      | Reached XP level 4. HP: 24/27 MP: 7/7
  2824 | D:2      | Found a white marble altar of Elyvilon.
  2833 | D:2      | Reached skill level 1 in Conjurations
  2833 | D:2      | Reached skill level 1 in Fire Magic
  3627 | D:3      | HP: 1/40 [orc priest (3)]
  3628 | D:3      | Slain by an orc

Illustrated notes

Levels and vault maps discovered:
D:1:      dpeg_cavernosity, layout_basic, hellmonk_ecumenical_altar_zigzags,
          st_stairs_3, hangedman_decor_slide_cut
D:2:      layout_loops_ring, basic_altar
D:3:      layout_basic, grunt_decor_junction

Skill      XL: |  1  2  3  4 |
---------------+-------------+-----
Fighting       | 1 2 |  2.6
Maces & Flails | 1 2 |  2.1
Conjurations   | 1 |  1.3
Fire Magic     | 1 |  1.2
Dodging        | |  1.5
Stealth        | |  2.1
Spellcasting   | |  2.0
Necromancy     | |  3.2

Action                   |  1- 3 |  4- 6 || total
-------------------------+-------+-------++-------
Melee: Whip              |    46 |    21 ||    67
 Cast: Pain              |    51 |    45 ||    96
  Use: Potion            |       |     6 ||     6
Armor: Robe              |     7 |       ||     7
       Ring mail         |    18 |     5 ||    23
       Skin              |       |    50 ||    50
Dodge: Dodged            |    29 |    21 ||    50
